 Dungeon Crawl Stone Soup version 0.21-a0-513-gdcb3f5e (console) character file.

23 hexaflexagon the Chopper (level 2, 0/22 HPs)
             Began as a Demonspawn Warper on Dec 2, 2017.
             Slain by a leopard gecko (5 damage)
             ... on level 1 of the Dungeon.
             The game lasted 00:02:50 (1626 turns).

hexaflexagon the Chopper (Demonspawn Warper)        Turns: 1626, Time: 00:02:51

Health: 0/22       AC:  3    Str: 11    XL:     2   Next: 75%
Magic:  5/5        EV: 11    Int: 14    God:
Gold:   140        SH:  0    Dex: 12    Spells: 5/5 levels left

rFire    . . .     SeeInvis .   a - +0 war axe
rCold    . . .     Gourm    .   (no shield)
rNeg     . . .     Faith    .   b - +0 leather armour
rPois    .         Spirit   .   (no helmet)
rElec    .         Reflect  .   (no cloak)
rCorr    .         Harm     .   (no gloves)
MR       .....     Rnd*Tele +   (no boots)
Stlth    +.........             (no amulet)
HPRegen  0.07/turn              q - ring of teleportation (curse)
MPRegen  0.09/turn              (no ring)

@: no status effects
A: rot immunity
a: no special abilities


You were on level 1 of the Dungeon.
You were not hungry.

You visited 1 branch of the dungeon, and saw 2 of its levels.

You collected 140 gold pieces.

Inventory:

Hand Weapons
 a - a +0 war axe (weapon)
Missiles
 e - 2 tomahawks of dispersal (quivered)
Armour
 b - a +0 leather armour (worn)
Jewellery
 q - a cursed ring of teleportation (left hand)
Scrolls
 m - 2 scrolls of fog
Potions
 g - a potion of mutation
 k - a potion of brilliance
Books
 c - a book of Spatial Translocations

   Spells                             Type                      Level
   a - Blink                          Translocation                2
   b - Shroud of Golubria             Charms/Translocation         2
   c - Lesser Beckoning               Translocation                3
   d - Gell's Gravitas                Translocation                3
   e - Teleport Other                 Translocation                3
   f - Passage of Golubria            Translocation                4
Comestibles
 f - a bread ration
 j - 3 chunks of flesh
 n - 2 meat rations
 o - a royal jelly


   Skills:
 - Level 2.0 Fighting
 + Level 3.0 Axes
 - Level 0.8 Throwing
 - Level 0.8 Armour
 - Level 1.7 Dodging
 - Level 2.0 Spellcasting
   Level 2.6 Translocations


You had 5 spell levels left.
You didn't know any spells.

Dungeon Overview and Level Annotations

Branches:
Dungeon (2/15)

Altars:
Okawaru
Vehumet


Innate Abilities, Weirdness & Mutations

You are immune to rotting.


Message History

You are too injured to fight recklessly!
Throwing (i - inventory):
e - 5 tomahawks of dispersal (quivered)
Press: ? - help, Shift-Dir - straight line, f - leopard gecko
Aim: a leopard gecko (clinging)
You throw a tomahawk of dispersal.
The tomahawk of dispersal barely misses the leopard gecko.
Throwing (i - inventory):
e - 4 tomahawks of dispersal (quivered)
Press: ? - help, Shift-Dir - straight line, f/p - leopard gecko
Aim: a leopard gecko (clinging)
You throw a tomahawk of dispersal.
The tomahawk of dispersal misses the leopard gecko.
The leopard gecko bites you.
* * * LOW HITPOINT WARNING * * *
Throwing (i - inventory):
e - 3 tomahawks of dispersal (quivered)
Press: ? - help, Shift-Dir - straight line, f/p - leopard gecko
Aim: a leopard gecko (clinging)
You throw a tomahawk of dispersal.
The tomahawk of dispersal barely misses the leopard gecko.
The leopard gecko bites you.
You die...

#...####..###...#
#.....##.# ...##
#....#..#########.....##.#
..##
#.....................##.#
.##
####............#.........
.###
##...#######...........
..P##
#...###...............
....#
####......###.......#...
....##
###.......###......##.#...
.....#
#...###.#@l...#....##..###
.P.≈≈# #.###
#.#....##....###.# .≈PP.#
#######....#.......# #.#
P.≈..###........######....#
#.# P≈≈..≈##.#####.##
#.....# #.## P≈P.P..#.# #.#
#.....# #.l# .....P.#.# #.#
#(....# ##.# ......##.# #.#
##.....# #.# .P...≈.#.##
#.#####..##### #.#


You could see a leopard gecko.

Vanquished Creatures
  A leopard gecko (D:1)
  A ball python (D:2)
  3 bats
  4 hobgoblins
  2 frilled lizards
  4 goblins
  4 kobolds
  3 rats
22 creatures vanquished.

Notes
Turn   | Place    | Note
-------+----------+-------------------------------------------
     0 | D:1      | hexaflexagon the Demonspawn Warper began the quest for the Orb.
     0 | D:1      | Reached XP level 1. HP: 16/16 MP: 3/3
    91 | D:1      | Reached skill level 2 in Axes
   551 | D:1      | Gained mutation: You are immune to rotting. [demonic ancestry]
   551 | D:1      | Reached XP level 2. HP: 10/22 MP: 5/5
  1184 | D:2      | Found a radiant altar of Vehumet.
  1446 | D:2      | Reached skill level 3 in Axes
  1529 | D:2      | Found an iron altar of Okawaru.
  1626 | D:1      | Slain by a leopard gecko

Vault maps used:
D:1:      lemuel_arrival_muddy, serial_bayou_lake_a
D:2:      okawaru_gym_becter, vehumet_crystals, chequers_ecumenical_altar_twisty

Skill      XL: |  1  2 |
---------------+-------+-----
Axes           | 2 3 |  3.0
Fighting       | |  2.0
Throwing       | |  0.8
Armour         | |  0.8
Dodging        | |  1.7
Spellcasting   | |  2.0
Translocations | |  2.6

Action                   || total
-------------------------++-------
Melee: Hand axe          ||    70
       War axe           ||    19
Throw: Tomahawk          ||     3
  Use: Scroll            ||     7
       Potion            ||     2
  Eat: Chunk             ||     2
Armor: Leather armour    ||    31
Dodge: Dodged            ||    61

Table legend:
 A = Spawn XP
 B = Non-spawn XP
 C = Spawn XP percentage of total XP
 D = Spawn monster count
 E = Non-spawn monster count
 F = Spawn count percentage of total count
 G = Total turns spent on level
                    A         B        C        D         E        F      G
               +---------+---------+-------+---------+---------+-------+---------
         Total |       0 |      34 |   0.0 |       0 |      22 |   0.0 |  1626
               +---------+---------+-------+---------+---------+-------+---------
           D:1 |       0 |      23 |   0.0 |       0 |      14 |   0.0 |  1243
           D:2 |       0 |      11 |   0.0 |       0 |       8 |   0.0 |   383
               +---------+---------+-------+---------+---------+-------+---------
